AoeStats
← clavijocabralesjavier

Nomad

511003996Analyzed
2v2 RM · 5h ago on Oct 3, 2026· 66m 23s· 4 players
Game mode
Random Map
Map size
176×176
Population
200
Speed
Normal
Resources
Standard
Victory
Conquest
Starting age
Dark Age
Ending age
Imperial Age
RankedLock teamsTeams togetherTeam positionsShared explorationLock speedFull tech treeHidden civsTurbo modeCheats
Victory
Defeat
🇪🇸 Mongols · Spain
559
+9
251
+21
🇹🇷 Britons · Türkiye
397
-16
🇫🇷 Sicilians · France
357
-14
Loulouttekill
brucelihthedeadly
16:27 Feudal Age
19:59 Double-Bit Axe
25:01 Castle Age
23:24 Stone Mining
23:28 Gold Mining
25:59 Pikeman
26:01 Crossbowman
27:20 Gold Shaft Mining
30:25 Medium Warships
32:27 Fletching
32:37 Padded Archer Armor
35:01 Leather Archer Armor
34:44 Bodkin Arrow
40:56 Imperial Age
40:10 Siphons
40:59 Halberdier
41:53 Cranequins
43:18 Ring Archer Armor
42:50 Scale Mail Armor
45:32 Heavy Mounted Crossbowman
46:14 Elite Longbowman
48:41 Bow Saw
50:52 Chain Mail Armor
50:49 Forging
50:39 Bracer
50:45 Scale Barding Armor
52:12 Chemistry
52:03 Plate Mail Armor
57:24 Iron Casting
57:10 Chain Barding Armor
McVainas
16:53 Feudal Age
19:30 Fishing Lines
25:14 Castle Age
25:51 Gillnets
26:16 Double-Bit Axe
29:39 Wheelbarrow
29:49 Stone Mining
29:54 Gold Mining
36:05 Imperial Age
33:58 Ballistics
33:34 Murder Holes
33:59 Hand Cart
36:01 Careening
36:02 Clinker Construction
37:14 Bow Saw
37:27 Conscription
39:52 Stone Shaft Mining
39:53 Gold Shaft Mining
43:33 Medium Warships
42:44 Demolition Ship
44:36 Chemistry
44:10 Forging
46:51 Fortified Wall
46:54 Bloodlines
46:45 Husbandry
46:39 Fletching
48:24 Iron Casting
47:44 Bodkin Arrow
48:19 Padded Archer Armor
49:24 Town Watch
50:43 Blast Furnace
49:43 Bracer
51:18 Leather Archer Armor
51:09 Scale Barding Armor
51:05 Scale Mail Armor
51:27 Horse Collar
53:01 Onager
53:40 Elite Mangudai
55:17 Atonement
55:27 Fervor
55:17 Devotion
55:48 Drill
56:26 Hoardings
57:13 Nomads
58:27 Chain Barding Armor
58:22 Chain Mail Armor
58:10 Town Patrol
57:55 Loom
58:37 Carvel Hull
60:31 Heavy Scorpion
60:38 Siege Onager
clavijocabralesjavier
6:14 Loom
20:59 Feudal Age
22:41 Double-Bit Axe
24:18 Wheelbarrow
23:29 Town Watch
28:22 Gold Mining
28:25 Stone Mining
30:48 Castle Age
29:50 Scale Mail Armor
30:01 Forging
29:53 Padded Archer Armor
29:59 Scale Barding Armor
32:13 Squires
31:34 Pikeman
32:33 Fishing Lines
Connection lost

Rejoining the realm…

Still unreachable

The connection could not be restored.

Session expired

The server has moved on; the page needs a fresh start.